 Dungeon Crawl Stone Soup version 0.32-a0-607-g64ea0e4219 (webtiles) character file.

Game seed: 862449458806137885

478 Sonnerad the Grave Robber (level 6, 0/52 HPs)
             Began as a Draconian Necromancer on Mar 3, 2024.
             Killed by divine providence
             ... invoked by an orc priest
              (13 damage)
             ... on level 5 of the Dungeon.
             The game lasted 00:05:13 (4055 turns).

Sonnerad the Grave Robber (Draconian Necromancer)   Turns: 4055, Time: 00:05:14

Health: 0/52       AC:  6    Str: 10    XL:     6   Next: 86%
Magic:  0/11       EV: 12    Int: 18    God:
Gold:   160        SH:  0    Dex: 11    Spells: 11/12 levels left

rFire   . . .        b - +0 short sword
rCold   . . .        (no shield)
rNeg    . . .        (body armour unavailable)
rPois   .            (helmet restricted)
rElec   .            (no cloak)
rCorr   .            (no gloves)
SInv    .            (no boots)
Will    +....        (no amulet)
Stlth   ++           (no ring)
HPRegen 0.28/turn    (no ring)
MPRegen 0.12/turn

%: no passive effects
@: enlightened, flying
A: AC +6, unfitting armour, cold-blooded
a: Convert to Beogh


You were on level 5 of the Dungeon.
You visited 1 branch of the dungeon, and saw 5 of its levels.

You collected 160 gold pieces.

Inventory:

Hand Weapons
 b - a +0 short sword (weapon)
Jewellery
 f - a ring of ice
 i - a +6 ring of strength
 o - a ring of positive energy
Scrolls
 c - a scroll of fog {unknown}
 d - a scroll of summoning {unknown}
 e - 2 scrolls of teleportation {unknown}
 g - 3 scrolls of identify {unknown}
 j - a scroll of vulnerability {unknown}
 k - a scroll of fear {unknown}
 m - a scroll of revelation {unknown}
 q - a scroll of enchant armour {unknown}
 r - a scroll of amnesia {unknown}
Potions
 a - a potion of magic
 h - a potion of lignification {unknown}
 l - a potion of berserk rage {unknown}
 n - a potion of enlightenment


   Skills:
 + Level 3.6 Fighting
 + Level 3.6 Dodging
 + Level 3.9 Stealth
 + Level 3.8 Spellcasting
 - Level 4.0 Necromancy


You had 11 spell levels left.
You knew the following spells:

 Your Spells              Type           Power      Damage    Failure   Level
a - Necrotise             Necr           68%        1d7       3%          1

Your spell library contained the following spells:

 Spells                   Type           Power      Damage    Failure   Level
 Vampiric Draining        Necr           17%        2d7       9%          3
 Animate Dead             Necr           17%        N/A       28%         4
 Curse of Agony           Necr           17%        N/A       63%         5


Dungeon Overview and Level Annotations

Branches:
Dungeon (5/15)
 Temple: D:4-7

Altars:
Dithmenos
Elyvilon
Kikubaaqudgha
Ru


Innate Abilities, Weirdness & Mutations

Your plain brown scales are hard. (AC +6)
You cannot fit into any form of body armour.
You are cold-blooded and may be slowed by cold attacks.


Message History

The scorpion stings you.
You are too injured to fight recklessly!
You are too injured to fight recklessly!
You barely miss the scorpion.
The scorpion is almost dead.
The scorpion stings you.
The orc priest shouts, "The Pantheon deserves no one's loyalty.
Let us show you the true path!" (press Y on the ability menu to convert to Beogh)
You closely miss the scorpion.
The scorpion is almost dead.
The scorpion stings you.
You hit the scorpion.
The scorpion is almost dead.
The scorpion stings you.
You are poisoned.
The scorpion poisons you!
Unknown command.
Casting: Necrotise (safe; 3% risk of failure)
Confirm with . or Enter, or press ? or * to list all spells.
Aiming: Necrotise (safe; 3% risk of failure)
Press: ? - help, Shift-Dir - straight line, f/p - scorpion
Aim: a scorpion (almost dead, chance to affect: 75%)
The scorpion writhes in agony.
You kill the scorpion!
You feel very sick.
It was a potion of enlightenment.
You feel very buoyant.
You fly up into the air.
You feel sick.
The orc priest hits you but does no damage.
You hit the orc priest but do no damage.
You feel sick.
Okay, then.
You feel sick.
The orc priest calls down the wrath of Beogh upon you.
Beogh smites you!
* * * LOW HITPOINT WARNING * * *
It was a potion of curing.
You feel better.
The orc priest invokes the aid of Beogh against you.
Beogh smites you!
You die...

.. .. ..
)# .###
... ####)#
#.@oo#
#.#### #.#
#+# #.#
#.# #.#
#.# #.#
#.####.#.#
#.<....#.#
#.######.#


You could see an orc priest and an orc.

Vanquished Creatures
  Sigmund (D:4)
  A scorpion (D:5)
  2 bombardier beetles (D:4)
  Terence (D:2)
  An iguana (D:5)
  An orc wizard (D:3)
  3 adders
  3 ribbon worms
  2 dart slugs
  4 orcs
  5 bats
  9 endoplasms
  A giant cockroach (D:1)
  12 goblins
  8 hobgoblins
  4 jackals (D:1)
  5 kobolds
  2 quokkas
  7 ball pythons
  2 frilled lizards
  8 rats
82 creatures vanquished.

Vanquished Creatures (collateral kills)
  A dart slug (D:1)
  An orc (D:3)
  A bat (D:2)
3 creatures vanquished.

Grand Total: 85 creatures vanquished

Notes
Turn   | Place    | Note
-------+----------+-------------------------------------------
     0 | D:1      | Sonnerad the Draconian Necromancer began the quest for the
                  | Orb.
     0 | D:1      | Reached XP level 1. HP: 14/14 MP: 3/3
   119 | D:1      | Found a faded altar of an unknown god.
   139 | D:1      | Reached XP level 2. HP: 21/22 MP: 1/5
   242 | D:1      | Reached skill level 1 in Fighting
   605 | D:1      | Reached XP level 3. HP: 14/28 MP: 1/6
  1315 | D:2      | Noticed Terence
  1323 | D:2      | Killed Terence
  1324 | D:2      | Reached XP level 4. HP: 36/36 MP: 0/8
  2242 | D:3      | Reached XP level 5. HP: 42/42 MP: 6/9
  2417 | D:3      | Found a white marble altar of Elyvilon.
  2726 | D:3      | Found a sacrificial altar of Ru.
  3031 | D:4      | Found a shadowy altar of Dithmenos.
  3316 | D:4      | Found an ancient bone altar of Kikubaaqudgha.
  3388 | D:4      | Noticed Sigmund
  3403 | D:4      | Killed Sigmund
  3404 | D:4      | Reached XP level 6. HP: 51/51 MP: 1/11
  3976 | D:5      | Entered Level 5 of the Dungeon
  4054 | D:5      | HP: 2/52 [orc priest/divine providence (14)]
  4055 | D:5      | Killed from afar by an orc priest

Illustrated notes

Levels and vault maps discovered:
D:1:      kennysheep_arrival_seaside, layout_rooms,
          hellmonk_ecumenical_altar_leap_of_faith,
          chequers_serial_rivers_large_a, dk_noncrumbling_2
D:2:      layout_rooms, uniq_terence
D:3:      layout_loops_cross, nicolae_elyvilon_peaceful_grove,
          general_overflow_altar, dk_vineyard_3
D:4:      layout_cave_pods, kiku_gazebo_garden_becter,
          grunt_dithmenos_smoke_and_mirrors, kennysheep_doodads, uniq_sigmund
D:5:      layout_basic, mainiacjoe_overflow_cross_hatched, serial_demonic,
          serial_demonic_g, serial_demonic_d, serial_demonic_e,
          serial_demonic_c, saegor_snake_ambush, uniq_ijyb

Skill      XL: |  1  2  3  4  5 |
---------------+----------------+-----
Dodging        | 2 3 |  3.6
Stealth        | 2 3 |  3.9
Fighting       | 1 2 3 |  3.6
Spellcasting   | 3 |  3.8
Necromancy     | |  4.0

Action                     |  1- 3 |  4- 6 || total
---------------------------+-------+-------++-------
  Melee: Unarmed           |    10 |       ||    10
         Tailslap          |     4 |       ||     4
         Short sword       |    35 |    15 ||    50
   Cast: Necrotise         |    69 |   127 ||   196
    Use: Potion            |       |     2 ||     2
 Armour: Skin              |    42 |    30 ||    72
  Dodge: Dodged            |    63 |    21 ||    84

Table legend: (Time is in decaauts)
 A = Elapsed time spent in this place.
 B = Non-inter-level travel time spent in this place.
 C = Inter-level travel time spent in this place.
 D = Time resting spent in this place.
 E = Time spent auto-exploring this place.
 F = Levels seen in this place.
 G = Mean time per level.
                   A        B        C        D        E       F      G
               +--------+--------+--------+--------+--------+-----+--------+
         Total |   4063 |   3926 |    137 |     52 |   3357 |   5 |  812.6 |
       Dungeon |   4063 |   3926 |    137 |     52 |   3357 |   5 |  812.6 |
               +--------+--------+--------+--------+--------+-----+--------+

Top non-repeatable levels by time:
     D:4: 1227 daAuts
     D:1: 1021 daAuts
     D:3: 871 daAuts
     D:2: 863 daAuts
     D:5: 78 daAuts
